 Dungeon Crawl Stone Soup version 0.19-a0-1035-gdbfb0c6 (webtiles) character file.

14422 HAL9000 the Slicer (level 12, -15/64 HPs)
             Began as a Vine Stalker Enchanter on July 29, 2016.
             Was a Follower of Uskayaw.
             Demolished by a komodo dragon (27 damage)
             ... on level 1 of the Lair of Beasts.
             The game lasted 00:42:51 (12279 turns).

HAL9000 the Slicer (Vine Stalker Enchanter)        Turns: 12279, Time: 00:42:52

Health: -15/64     AC: 13    Str: 20    XL:     12   Next: 16%
Magic:  0/21       EV: 15    Int: 19    God:    Uskayaw [*.....]
Gold:   422        SH:  0    Dex: 19    Spells: 6 memorised, 9 levels left

rFire  + . .     SeeInvis .     W - +3 quick blade
rCold  . . .     Gourm    .     V - +4 robe of Augmentation {Str+4 Int+4 Dex+4}
rNeg   . . .     Faith    .     (no shield)
rPois  .         Spirit   +     M - +2 hat
rElec  .         Dismiss  .     (no cloak)
rCorr  .         Reflect  .     D - +0 pair of gloves
SustAt .         Harm     .     O - +0 pair of boots
MR     +....                    (no amulet)
Stlth  +++.......               T - ring of protection from fire
                                J - +3 ring of protection

@: somewhat resistant to hostile enchantments, fairly stealthy
A: fangs 3, regeneration 3, magic shield, antimagic bite, no device heal 3, rot
immunity
a: Stomp, Renounce Religion


You were on level 1 of the Lair of Beasts.
You worshipped Uskayaw.
Uskayaw was noncommittal.
You were very hungry.

You visited 3 branches of the dungeon, and saw 13 of its levels.

You collected 765 gold pieces.
You spent 343 gold pieces at shops.

Inventory:

Hand Weapons
 q - a +1 rapier
 W - a +3 quick blade (weapon)
Armour
 D - a +0 pair of gloves (worn)
 M - a +2 hat (worn)
 O - a +0 pair of boots (worn)
 V - the +4 robe of Augmentation (worn) {Str+4 Int+4 Dex+4}
   (You found it on level 7 of the Dungeon)

   It affects your strength (+4).
   It affects your intelligence (+4).
   It affects your dexterity (+4).
Jewellery
 J - a +3 ring of protection (left hand)
 L - an uncursed ring of stealth
 T - a ring of protection from fire (right hand)
Wands
 r - a wand of paralysis (12/24)
 x - a wand of flame (20/48)
 A - a wand of paralysis (7/24)
 Q - a wand of random effects (26/48)
 Z - a wand of polymorph (14/24)
Scrolls
 l - 3 scrolls of magic mapping
 p - 3 scrolls of amnesia
 y - a scroll of blinking
 B - 2 scrolls of teleportation
 F - a scroll of acquirement
 H - a scroll of recharging
 I - 4 scrolls of identify
 X - a scroll of enchant armour
Potions
 n - 2 potions of curing
 s - 3 potions of agility
 t - 2 potions of resistance {unknown}
 u - a potion of lignification {unknown}
 w - a potion of cancellation {unknown}
 C - a potion of flight
 E - 3 potions of haste
 K - a potion of invisibility {unknown}
 S - a potion of might
 Y - a potion of ambrosia
Books
 c - a book of Maledictions

   Spells                             Type                      Level
   a - Corona                         Hexes                        1
   b - Ensorcelled Hibernation        Hexes/Ice                    2
   c - Confuse                        Hexes                        3
   d - Tukima's Dance                 Hexes                        3
   e - Dazzling Spray                 Conjuration/Hexes            3
 v - a book of Cantrips

   Spells                             Type                      Level
   a - Confusing Touch                Hexes                        1
   b - Animate Skeleton               Necromancy                   1
   c - Summon Small Mammal            Summoning                    1
   d - Apportation                    Translocation                1
 z - a book of the Sky

   Spells                             Type                      Level
   a - Summon Lightning Spire         Summoning/Air                4
   b - Airstrike                      Air                          4
   c - Silence                        Hexes/Air                    5
   d - Deflect Missiles               Charms/Air                   6
   e - Conjure Ball Lightning         Conjuration/Air              6
   f - Tornado                        Air                          9
 G - a book of Clouds

   Spells                             Type                      Level
   a - Mephitic Cloud                 Conjuration/Poison/Air       3
   b - Conjure Flame                  Conjuration/Fire             3
   c - Poisonous Cloud                Conjuration/Poison/Air       6
   d - Freezing Cloud                 Conjuration/Ice/Air          6
   e - Ring of Flames                 Charms/Fire                  7
 P - a book of Spatial Translocations

   Spells                             Type                      Level
   a - Apportation                    Translocation                1
   b - Blink                          Translocation                2
   c - Shroud of Golubria             Charms/Translocation         2
   d - Portal Projectile              Translocation                3
   e - Teleport Other                 Translocation                3
   f - Passage of Golubria            Translocation                4
Comestibles
 d - 13 bread rations
 i - 2 beef jerkies
 N - 2 fruits
 R - a slice of pizza
 U - 5 meat rations


   Skills:
 + Level 8.0 Fighting
 - Level 10.1 Short Blades
 + Level 3.8 Armour
 + Level 4.7 Dodging
 + Level 5.6 Stealth
 - Level 5.6 Spellcasting
 - Level 8.0 Hexes
 - Level 4.0 Charms
 - Level 4.1 Translocations


You had 9 spell levels left.
You knew the following spells:

 Your Spells              Type           Power        Failure   Level  Hunger
a - Corona                Hex            #####..      1%          1    None
b - Tukima's Dance        Hex            #####...     1%          3    ##.....
d - Blink                 Tloc           N/A          3%          2    None
h - Shroud of Golubria    Chrm/Tloc      ###.......   4%          2    None
x - Confuse               Hex            #####...     1%          3    ##.....
z - Ensorcelled Hibernat  Hex/Ice        ###...       4%          2    None


Dungeon Overview and Level Annotations

Branches:
Dungeon (11/15)            Temple (1/1) D:6            Lair (1/6) D:8
    Orc (0/2) D:11

Altars:
Ashenzari
Cheibriados
Dithmenos
Elyvilon
Fedhas
Gozag
Hepliaklqana
Kikubaaqudgha
Makhleb
Nemelex Xobeh
Okawaru
Pakellas
Qazlal
Ru
Sif Muna
Trog
Uskayaw
Vehumet
Xom
Yredelemnul
Zin
The Shining One

Shops:
D:6 [%=[

Annotations:
D:2 Sigmund


Innate Abilities, Weirdness & Mutations

You have razor-sharp teeth.
You regenerate.
When hurt, damage is shared between your health and your magic reserves.
Your bite disrupts and absorbs the magic of your enemies.
Potions and wands cannot restore your health.
You are immune to rotting.


Message History

You bite the komodo dragon, but do no damage.
The komodo dragon is moderately wounded.
Casting: Confuse
Confirm with . or Enter, or press ? or * to list all spells.
Aiming: Confuse
Press: ? - help, Shift-Dir - straight line, f/p - komodo dragon
Aim: a komodo dragon (moderately wounded, chance to defeat MR: 46%)
The komodo dragon resists with some effort.
The komodo dragon bites you!
* * * LOW HITPOINT WARNING * * *
You closely miss the komodo dragon. You bite the komodo dragon.
You drain its power.
You feel invigorated.
The komodo dragon is heavily wounded.
The komodo dragon completely misses you.
Unknown command.
As you read the scroll of fear, it crumbles to dust.
You assume a fearsome visage.
The komodo dragon resists with some effort.
The komodo dragon bites you!!
You die...

..#......# ..........###
.....t.......#.##
................#######
..#(#...............#.###
......#.................##
>...#....................#
.............†...........#
.............##l@........#
.............#####.......#
#..#.........# ####....#
.............# ####.#
.............## #.##
.##.....#####.# ###
#(..... ### #.......#
###.....#


You could see a komodo dragon.

Vanquished Creatures
  The ghost of Shenda the Carver, a journeyman DsGl of Okawaru (D:11)
  Pikel (D:4)
  3 hill giants
  A cyclops (D:11)
  A black mamba (Lair:1)
  2 spiny frogs (Lair:1)
  3 trolls
  A spriggan (D:7)
  3 humans
  2 basilisks
  A hippogriff (D:8)
  A steam dragon (D:11)
  A soldier ant (D:10)
  12 porcupines
  4 water moccasins
  8 orc warriors
  A wasp (D:10)
  2 sky beasts
  3 slaves (D:3)
  A black bear (D:6)
  A phantom (D:9)
  3 ice beasts
  6 ogres
  5 centaurs
  8 crocodiles
  7 giant frogs
  A wyvern skeleton (D:10)
  4 scorpions
  A jelly (D:9)
  6 killer bees
  18 wights
  2 giant frog zombies
  4 crimson imps
  A quasit (D:11)
  2 hounds
  3 centaur zombies
  2 giant frog skeletons
  3 centaur skeletons
  15 orc priests
  11 orc wizards
  A gnoll shaman (D:8)
  An iguana (D:10)
  9 worker ants
  6 sheep
  A hound skeleton (D:10)
  8 gnolls
  11 adders
  A howler monkey skeleton (D:9)
  3 river rats (D:8)
  2 shadow imps (D:5)
  An ooze (D:3)
  An adder zombie (D:7)
  5 worms
  5 dart slugs
  4 giant geckos
  67 orcs
  A ball python (D:1)
  8 bats
  8 giant cockroaches
  11 hobgoblins
  18 jackals
  3 quokkas
  14 giant newts
  10 goblins
  9 kobolds
  A quokka skeleton (D:8)
  6 rats
  A plant (D:10)
371 creatures vanquished.

Vanquished Creatures (others)
  A slave (D:7)
  A giant gecko (D:7)
  A fungus (D:6)
  9 plants
12 creatures vanquished.

Grand Total: 383 creatures vanquished

Notes
Turn   | Place    | Note
-------+----------+-------------------------------------------
     0 | D:1      | HAL9000 the Vine Stalker Enchanter began the quest for the Orb.
     0 | D:1      | Reached XP level 1. HP: 9/9 MP: 4/4
    73 | D:1      | Reached skill level 1 in Short Blades
   335 | D:1      | Reached XP level 2. HP: 14/14 MP: 6/6
   338 | D:1      | Reached skill level 1 in Fighting
   349 | D:1      | Learned a level 2 spell: Ensorcelled Hibernation
   553 | D:1      | Reached XP level 3. HP: 18/18 MP: 7/7
   558 | D:1      | Learned a level 3 spell: Confuse
   589 | D:1      | Reached skill level 2 in Short Blades
  1147 | D:2      | Reached XP level 4. HP: 7/23 MP: 2/8
  1405 | D:2      | Found a glowing silver altar of Zin.
  1583 | D:2      | Noticed Sigmund
  1751 | D:1      | Reached skill level 3 in Short Blades
  1832 | D:2      | Reached XP level 5. HP: 27/27 MP: 6/9
  2689 | D:3      | Found a faded altar of an unknown god.
  2735 | D:3      | Found a radiant altar of Vehumet.
  3287 | D:3      | Gained mutation: You heal very quickly. [Vine Stalker growth]
  3287 | D:3      | Reached XP level 6. HP: 13/32 MP: 1/10
  3289 | D:3      | Reached skill level 4 in Short Blades
  3483 | D:4      | Noticed a slave
  3484 | D:4      | Noticed a slave
  3484 | D:4      | Noticed a slave
  3484 | D:4      | Noticed a slave
  3485 | D:4      | Noticed Pikel
  3502 | D:3      | Killed a slave
  3553 | D:3      | Killed a slave
  3646 | D:3      | Killed a slave
  4014 | D:4      | Killed Pikel
  4014 | D:4      | Reached skill level 6 in Short Blades
  4014 | D:4      | Reached XP level 7. HP: 9/38 MP: 0/11
  4137 | D:4      | Gained mutation: You have razor-sharp teeth. [Vine Stalker growth]
  4137 | D:4      | Reached XP level 8. HP: 42/42 MP: 12/12
  4189 | D:5      | Entered Level 5 of the Dungeon
  4371 | D:5      | Found a basalt altar of Yredelemnul.
  4407 | D:5      | Found a hazy altar of Hepliaklqana.
  4408 | D:5      | Found a sparkling altar of Nemelex Xobeh.
  4440 | D:5      | Reached skill level 5 in Fighting
  4440 | D:5      | Reached skill level 7 in Short Blades
  4843 | D:5      | Found a sparkling altar of Nemelex Xobeh.
  4937 | D:6      | Found a stormy altar of Qazlal.
  4937 | D:6      | Found a blossoming altar of Fedhas.
  5171 | D:6      | Reached skill level 8 in Short Blades
  5267 | D:6      | Reached XP level 9. HP: 46/48 MP: 9/13
  5281 | D:6      | Learned a level 3 spell: Tukima's Dance
  5424 | D:6      | Found Conoo's Food Shop.
  5473 | D:6      | Found Cuwn's Jewellery Boutique.
  5511 | D:6      | Found a staircase to the Ecumenical Temple.
  5539 | D:6      | Bought a +3 ring of protection for 231 gold pieces
  5649 | D:6      | Found a basalt altar of Yredelemnul.
  5668 | D:6      | Found Xihiys's Armour Shop.
  5707 | D:6      | Found Gucwuhaa's Antique Armour Emporium.
  5711 | D:6      | Bought a runed hat for 96 gold pieces
  5722 | D:6      | Bought a runed robe for 16 gold pieces
  5872 | Temple   | Entered the Ecumenical Temple
  6078 | Temple   | Became a worshipper of Uskayaw the Reveler
  6248 | D:6      | Reached * piety under Uskayaw
  6384 | D:7      | Learned a level 2 spell: Blink
  6627 | D:7      | Reached ** piety under Uskayaw
  6715 | D:7      | Identified a scroll of acquirement
  6747 | D:7      | Reached skill level 9 in Short Blades
  7160 | D:8      | Reached skill level 5 in Hexes
  7227 | D:8      | Found an iron altar of Okawaru.
  7536 | D:8      | Found a staircase to the Lair.
  7563 | D:7      | Reached XP level 10. HP: 39/53 MP: 7/17
  8160 | D:9      | Reached *** piety under Uskayaw
  8161 | D:9      | Reached skill level 5 in Spellcasting
  8344 | D:9      | Learned a level 2 spell: Shroud of Golubria
  8634 | D:9      | Found an ancient bone altar of Kikubaaqudgha.
  8778 | D:9      | Got a brightly glowing ring mail
  8790 | D:9      | Identified the +1 ring mail "Soabetets" {+Blink MR- Str+6 Int+3} (You took it off a gnoll on level 9 of the Dungeon)
  8874 | D:9      | Reached skill level 1 in Translocations
  8884 | D:9      | Reached skill level 10 in Short Blades
  8884 | D:9      | Reached skill level 1 in Charms
  9402 | D:10     | Entered Level 10 of the Dungeon
  9476 | D:10     | Reached skill level 1 in Armour
  9538 | D:10     | Reached XP level 11. HP: 56/56 MP: 20/20
  9562 | D:10     | Found a sparkling altar of Nemelex Xobeh.
  9777 | D:10     | Reached **** piety under Uskayaw
 10042 | D:10     | Found a hide-covered altar of Uskayaw.
 10063 | D:10     | Noticed a hill giant
 10086 | D:10     | Killed a hill giant
 10344 | D:11     | Noticed a hill giant
 10354 | D:11     | Killed a hill giant
 10409 | D:11     | Found a staircase to the Orcish Mines.
 10435 | D:11     | Reached ***** piety under Uskayaw
 10469 | D:11     | Reached ****** piety under Uskayaw
 10567 | D:11     | Noticed Shenda's ghost (journeyman DsGl)
 10602 | D:11     | Killed Shenda's ghost
 10775 | D:11     | Noticed a hill giant
 10798 | D:11     | Killed a hill giant
 10906 | D:11     | Noticed a cyclops
 10913 | D:11     | Killed a cyclops
 10926 | D:11     | Noticed a purple ugly thing
 10935 | D:11     | Noticed a red ugly thing
 10936 | D:11     | Noticed a green ugly thing
 10937 | D:11     | Noticed a white ugly thing
 10937 | D:11     | Noticed a white ugly thing
 10988 | D:11     | Noticed a cyclops
 11664 | Lair:1   | Entered Level 1 of the Lair of Beasts
 11875 | Lair:1   | Gained mutation: You regenerate. [Vine Stalker growth]
 11875 | Lair:1   | Reached XP level 12. HP: 64/64 MP: 21/21
 11996 | Lair:1   | Found a burning altar of Makhleb.
 12029 | Lair:1   | Reached skill level 5 in Stealth
 12279 | Lair:1   | Demolished by a komodo dragon

Vault maps used:
D:1:      dpeg_arrival_circle_labyrinth_a, glass_columns_a,
          hangedman_decor_clover_reticule, minmay_octomino_c4
D:2:      zin_treasury, minmay_newt_pond, uniq_sigmund
D:3:      fiery_altar_vehumet, ecumenical_altar_1, minmay_misc_feat_plants
D:4:      uniq_pikel
D:5:      grunt_temple_overflow_open, first_bread, nemelex_diamond_rough_becter
D:6:      grunt_temple_overflow_forces_of_nature, serial_shops,
          kennysheep_mini_moat, nicolae_shop_crystal, kennysheep_mini, shop,
          yredelemnul_altar_generic
D:7:      the_bakery
D:8:      overflow_temple_1_default, minmay_lair_entry_grove
D:9:      nicolae_overflow_crystal_walls
D:10:     wad_woods_stonehenge, basic_altar, minmay_ruffians
D:11:     cheibrodos_breeding_chamber, hiddenorc2_lemuel
Temple:   nicolae_temple_figure_eight
Lair:1:   basic_altar, st_stairs_3, infiniplex_staircase_pool

Skill      XL: |  1  2  3  4  5  6  7  8  9 10 11 12 |
---------------+-------------------------------------+-----
Short Blades   | 1 2 3 6 8 9 10 | 10.1
Fighting       | 1 2 3 4 5 6 7 8 |  8.0
Hexes          | 6 8 |  8.0
Spellcasting   | 4 5 |  5.6
Translocations | 2 4 |  4.1
Charms         | 2 4 |  4.0
Armour         | 1 3 |  3.8
Dodging        | 4 |  4.7
Stealth        | 4 5 |  5.6

Action                   |  1- 3 |  4- 6 |  7- 9 | 10-12 || total
-------------------------+-------+-------+-------+-------++-------
Melee: Dagger            |   106 |   166 |       |       ||   272
       Bite              |    17 |    75 |    95 |   260 ||   447
       Rapier            |       |   120 |   200 |       ||   320
       Quick blade       |       |       |    71 |   657 ||   728
 Cast: Ensorcelled Hiber |     6 |    16 |    28 |    99 ||   149
       Confuse           |     1 |    11 |    11 |    38 ||    61
       Shroud of Golubri |       |       |       |     4 ||     4
Invok: Line Pass         |       |       |       |     2 ||     2
       Stomp             |       |       |       |     1 ||     1
Evoke: Wand              |       |       |       |     3 ||     3
  Use: Scroll            |       |       |    25 |     4 ||    29
       Potion            |       |       |       |     1 ||     1
 Stab: Sleeping          |    12 |    14 |    18 |    52 ||    96
       Confused          |       |     3 |     7 |    20 ||    30
       Distracted        |       |     1 |     1 |       ||     2
       Paralysed         |       |       |       |    21 ||    21
  Eat: Chunk             |       |    13 |    13 |    17 ||    43
       Beef jerky        |       |       |     1 |       ||     1
Armor: Robe              |    17 |    95 |    49 |   103 ||   264
Dodge: Dodged            |    51 |   200 |   125 |   216 ||   592
